 Dungeon Crawl Stone Soup version 0.32-a0-960-g3814254bd7 (webtiles) character file.

Game seed: 680847010844260262

16 ragingrage the Sneak (level 2, -7/25 HPs)
             Began as a Djinni Delver on Apr 17, 2024.
             Mangled by an orc
             ... wielding a +0 flail
              (9 damage)
             ... on level 3 of the Dungeon.
             The game lasted 00:02:03 (447 turns).

ragingrage the Sneak (Djinni Delver)                 Turns: 447, Time: 00:02:04

Health: -7/25      AC:  3    Str: 11    XL:     2   Next: 70%
Gold:   11         EV: 11    Int: 11    God:
                   SH:  0    Dex: 14

rFire   + + .        i - +0 rapier
rCold   x . .        (no shield)
rNeg    . . .        b - +0 leather armour
rPois   ∞            (no helmet)
rElec   .            (no cloak)
rCorr   .            (no gloves)
SInv    .            (boots unavailable)
Will    .....        (no amulet)
Stlth   ++           (no ring)
HPRegen 0.24/turn    (no ring)

%: infuse magic (-8 HP)
@: flying, hasted, very quick
A: sickness immunity, fire resistance 2, cold vulnerability 1, float, innate
caster, HP casting, extra vitality 1
a: no special abilities


You were on level 3 of the Dungeon.
You visited 1 branch of the dungeon, and saw 4 of its levels.

You collected 11 gold pieces.

Inventory:

Hand Weapons
 a - a +0 short sword
 i - a +0 rapier (weapon)
Missiles
 j - 6 poisoned darts (quivered)
Armour
 b - a +0 leather armour (worn)
 n - the +1 scale mail of the Parsimonious Grue {Str+5}
   (You found it on level 3 of the Dungeon)

   Str+5:     It affects your strength (+5).
Magical Staves
 l - a staff of death
Talismans
 d - a maw talisman
Wands
 g - a wand of digging (3)
Scrolls
 c - a scroll of fog
 e - 2 scrolls of fear
 h - a scroll of identify {unknown}
 k - a scroll of brand weapon {unknown}
 m - a scroll of enchant armour {unknown}


   Skills:
 - Level 3.0 Fighting
 + Level 2.8 Short Blades
 - Level 2.1 Dodging
 - Level 4.1 Stealth You didn't know any spells. Your spell library was empty.

Dungeon Overview and Level Annotations

Branches:
Dungeon (6/15)             Temple (0/1) D:5

Altars:

Annotations:
D:5 exclusion: orc priest
D:6 exclusion: water moccasin


Innate Abilities, Weirdness & Mutations

You are immune to sickness and miasma.
You are immune to poison.
Your flesh is very heat resistant. (rF++)
You are vulnerable to cold. (rC-)
You float through the air rather than walking.
You learn spells naturally, not from books.
Your magical power is your life essence.
You have superior vitality. (+4 MHP)


Message History

There is a stone staircase leading up here.
You fly upwards.
There is a stone staircase leading down here.
You hit the giant cockroach.
The giant cockroach bites you but does no damage.
You hit the giant cockroach.
You kill the giant cockroach!
No target in view!
You see here a giant cockroach corpse.
There is a stone staircase leading down here.
You fly downwards.
Level annotation: exclusion: orc priest
There is a stone staircase leading up here.
The helpless orc fails to defend itself.
You puncture the orc!
You kill the orc!
You see here a +0 hand axe.
You see here a staff of death.
l - a staff of death
m - a scroll labelled RESYTH HOGGYOSE
There is a stone staircase leading up here.
You fly upwards.
There is a stone staircase leading down here.
Found a stone staircase leading up.
There is a stone staircase leading up here.
You fly upwards.
There is a stone staircase leading down here.
An orc comes into view. It is wielding a +0 flail.
The orc shouts!
You see here the +1 scale mail of the Parsimonious Grue {Str+5}.
n - the +1 scale mail of the Parsimonious Grue {Str+5} You hit the orc.
The orc hits you with a +0 flail.
You barely miss the orc.
The orc suddenly jeers.
The orc hits you with a +0 flail!
You closely miss the orc. The orc hits you with a +0 flail!
* * * LOW HITPOINT WARNING * * *
Okay, then.
You feel yourself speed up. The orc hits you with a +0 flail!
You die...

#########
........#
......o.#
#@#######
##........
#..#######
#>## #.#
#.# #.#
... #..


You could see an orc.

Vanquished Creatures
  An adder (D:5)
  2 orcs (D:5)
  A giant cockroach (D:4)
  A quokka (D:5)
5 creatures vanquished.

Notes
Turn   | Place    | Note
-------+----------+-------------------------------------------
     0 | D:5      | ragingrage the Djinni Delver began the quest for the Orb.
     0 | D:5      | Reached XP level 1. HP: 20/20 MP: 0/0
    22 | D:5      | Reached XP level 2. HP: 17/25 MP: 0/0
   113 | D:6      | Noticed a water moccasin
   136 | D:5      | Found a staircase to the Ecumenical Temple.
   229 | D:5      | Noticed a black bear
   442 | D:3      | Identified the +1 scale mail of the Parsimonious Grue
                  | {Str+5}
   446 | D:3      | HP: 1/25 [orc/+0 flail (9)]
   447 | D:3      | Mangled by an orc

Illustrated notes

Levels and vault maps discovered:
D:3:      layout_loops_ring, tgw_kikubaaqudgha, ebering_ecumenical_altar_box,
          serial_shops, shop, shop
D:4:      layout_rooms, grunt_decor_cap
D:5:      layout_gridville, minmay_temple_entry_proselytizer
D:6:      layout_cave_pools, serial_bayou, serial_bayou_pond_d,
          serial_bayou_pond_a, serial_bayou_shore_b, serial_bayou_shore_a,
          minivault_4

Skill      XL: |  1 |
---------------+----+-----
Short Blades   | 2 |  2.8
Fighting       | |  3.0
Dodging        | |  2.1
Stealth        | |  4.1

Action                     || total
---------------------------++-------
  Melee: Short sword       ||    11
         Rapier            ||    12
    Use: Scroll            ||     1
         Potion            ||     1
   Stab: Sleeping          ||     1
 Armour: Leather armour    ||    18
  Dodge: Dodged            ||     8

Table legend: (Time is in decaauts)
 A = Elapsed time spent in this place.
 B = Non-inter-level travel time spent in this place.
 C = Inter-level travel time spent in this place.
 D = Time resting spent in this place.
 E = Time spent auto-exploring this place.
 F = Levels seen in this place.
 G = Mean time per level.
                   A        B        C        D        E       F      G
               +--------+--------+--------+--------+--------+-----+--------+
         Total |    448 |    436 |     12 |     55 |     20 |   4 |  112.0 |
       Dungeon |    448 |    436 |     12 |     55 |     20 |   4 |  112.0 |
               +--------+--------+--------+--------+--------+-----+--------+

Top non-repeatable levels by time:
     D:5: 376 daAuts
     D:6: 41 daAuts
     D:4: 22 daAuts
     D:3: 7 daAuts
